 Dungeon Crawl Stone Soup version 0.28.0-47-ge53b351184 (webtiles) character file.

Game seed: 3438683722582950665

185 Mattiprrivan the Charlatan (level 5, -5/25 HPs)
             Began as a Spriggan Artificer on May 7, 2022.
             Was a Follower of Nemelex Xobeh.
             Killed from afar by Natasha (10 damage)
             ... with a magic dart
             ... on level 3 of the Dungeon.
             The game lasted 00:12:38 (2794 turns).

Mattiprrivan the Charlatan (Spriggan Artificer)     Turns: 2794, Time: 00:12:41

Health: -5/25      AC:  2    Str:  8    XL:     5   Next: 37%
Magic:  6/6        EV: 19    Int: 13    God:    Nemelex Xobeh [*.....]
Gold:   102        SH:  0    Dex: 19    Spells: 4/4 levels left

rFire   . . .      SeeInvis +   f - +0 dagger
rCold   . . .      Faith    .   (no shield)
rNeg    . . .      Spirit   .   b - +0 robe
rPois   .          Reflect  .   (helmet restricted)
rElec   .          Harm     .   (no cloak)
rCorr   .          Rampage  .   (gloves unavailable)
Will    +....                   (boots unavailable)
Stlth   +++.......              (no amulet)
HPRegen 0.08/turn               (no ring)
MPRegen 0.10/turn               (no ring)

@: unable to read, very quick
A: very small, no large weapons, unfitting armour, see invisible, speed 3, agile
1, strong-willed 1, inability to read while threatened
a: Renounce Religion, Draw Escape, Draw Destruction, Draw Summoning


You were on level 3 of the Dungeon.
You worshipped Nemelex Xobeh.
Nemelex Xobeh was aware of your devotion.
You visited 1 branch of the dungeon, and saw 3 of its levels.

You collected 102 gold pieces.

Inventory:

Hand Weapons
 f - a +0 dagger (weapon)
Armour
 b - a +0 robe (worn)
Wands
 d - a wand of charming (6) (quivered)
Scrolls
 g - a scroll of identify
Potions
 a - a potion of curing
 c - a potion of berserk rage
Miscellaneous
 e - a piece from Xom's chessboard (9/15)


   Skills:
 * Level 1.5 Fighting
 * Level 1.5 Short Blades
 * Level 0.8 Armour
 * Level 4.5 Dodging
 * Level 3.5 Stealth
 * Level 0.9 Invocations
 * Level 5.3 Evocations


You had 4 spell levels left.
You didn't know any spells.
Your spell library was empty.

Dungeon Overview and Level Annotations

Branches:
Dungeon (3/15)

Altars:
Gozag
Nemelex Xobeh

Annotations:
D:3 Natasha


Innate Abilities, Weirdness & Mutations

You are very small and have problems with some larger weapons.
You are too small for most types of armour.
You have supernaturally acute eyesight. (SInv)
You cover ground extremely quickly. (Speed+++)
You are agile. (Dex +2)
You are strong-willed. (Will+)
You sometimes lose the ability to read scrolls when taking damage.


Message History

Orders for allies: a - Attack new target. p - Attack previous target. r - Retreat! s - Stop attacking. g - Guard the area. f - Follow me.
Anything else - Cancel.
Gang up on whom?
Press: ? - help, Dir - move target, f - Natasha, p - ball python
Aim: Natasha Attack!
Natasha closely misses your ball python.
Your ball python bites Natasha but does no damage.
Your ball python misses Natasha.
Your ball python barely misses Natasha.
Your ball python grabs Natasha.
Your ball python constricts Natasha.
Natasha howls an incantation.
You feel disoriented. Natasha claws your ball python.
Your ball python dies!
A worm comes into view.
Aiming: Charm
Press: ? - help, Shift-Dir - straight line, f - worm, p - Natasha
Aim: a worm (wandering, hasn't noticed you, chance to affect: 71%)
The worm is charmed.
Things that are here:
a +0 club; a goblin corpse
Found 12 gold pieces.
What are your orders? t - Shout!
Orders for allies: a - Attack new target. p - Attack previous target. r - Retreat! s - Stop attacking. g - Guard the area. f - Follow me.
Anything else - Cancel.
Gang up on whom?
Press: ? - help, Dir - move target, f - Natasha, p - worm
Aim: Natasha Attack!
Natasha casts a spell at you. The magic dart hits you!
You feel threatened and lose the ability to read scrolls!
You die...
Your body glows slightly and disappears.

#.# .... #.# ... ......
#.# .. ...... ..# .#
...... ###
#####.########....$.
#........#..........
#........#..........
#####........#..........
..........####w.@.......
######...#####h.........
####.......)..........
#.........g...........
#...........#######...
#.......##### ##
#......†########
#...............
#...............


You could see Natasha (ally target), a hobgoblin and a friendly worm (charmed).

Vanquished Creatures
  An iguana (D:3)
  A gnoll (D:1)
  2 adders (D:2)
  2 dart slugs (D:1)
  2 endoplasms
  2 goblins (D:1)
  3 hobgoblins (D:1)
  3 ball pythons
  6 bats
  3 frilled lizards
  3 kobolds
  5 rats
33 creatures vanquished.

Vanquished Creatures (collateral kills)
  A phantom (D:2)
  An adder (D:2)
  3 orcs (D:2)
  A bat (D:1)
  A goblin (D:3)
  A kobold (D:1)
  A frilled lizard (D:1)
  A rat (D:2)
10 creatures vanquished.

Vanquished Creatures (others)
  An orc (D:2)
  A ball python (D:3)
  A goblin (D:1)
3 creatures vanquished.

Grand Total: 46 creatures vanquished

Notes
Turn   | Place    | Note
-------+----------+-------------------------------------------
     0 | D:1      | Mattiprrivan the Spriggan Artificer began the quest for the
                  | Orb.
     0 | D:1      | Reached XP level 1. HP: 9/9 MP: 2/2
    39 | D:1      | Reached XP level 2. HP: 14/14 MP: 3/3
   604 | D:1      | Reached XP level 3. HP: 13/17 MP: 4/4
   702 | D:1      | Reached skill level 1 in Fighting
  1270 | D:2      | Found a faded altar of an unknown god.
  1278 | D:2      | Prayed at the altar of an unknown god.
  1278 | D:2      | Became a worshipper of Nemelex Xobeh the Trickster
  1278 | D:2      | Reached * piety under Nemelex Xobeh
  1300 | D:2      | Received a gift from Nemelex Xobeh
  1913 | D:2      | Found an opulent altar of Gozag.
  1925 | D:2      | Reached skill level 5 in Evocations
  2107 | D:2      | Gained mutation: You sometimes lose the ability to read
                  | scrolls when taking damage. [potion of mutation]
  2107 | D:2      | Gained mutation: You are strong-willed. (Will+) [potion of
                  | mutation]
  2107 | D:2      | Gained mutation: You are agile. (Dex +2) [potion of
                  | mutation]
  2124 | D:2      | Noticed a phantom
  2140 | D:2      | Killed a phantom
  2141 | D:2      | Reached skill level 1 in Short Blades
  2141 | D:2      | Reached XP level 4. HP: 21/22 MP: 5/5
  2144 | D:2      | Reached XP level 5. HP: 20/25 MP: 6/6
  2764 | D:3      | Noticed Natasha
  2794 | D:3      | Killed from afar by Natasha

Illustrated notes

Levels and vault maps discovered:
D:1:      wander_arrival_lonely_grave, layout_basic, minmay_octomino_e4
D:2:      cheibrodos_old_hovel, layout_basic, ebering_ecumenical_altar_hall,
          basic_altar
D:3:      layout_basic, lemuel_crystal_altar, uniq_natasha

Skill      XL: |  1  2  3 |
---------------+----------+-----
Stealth        | 2 3 |  3.5
Fighting       | 1 |  1.5
Evocations     | 5 |  5.3
Short Blades   | 1 |  1.5
Dodging        | 4 |  4.5
Armour         | |  0.8
Invocations    | |  0.9

Action                   |  1- 3 |  4- 6 || total
-------------------------+-------+-------++-------
Melee: Dagger            |   118 |    21 ||   139
       Club              |     4 |       ||     4
Invok: Draw Destruction  |     2 |     6 ||     8
       Draw Escape       |     2 |       ||     2
       Draw Summoning    |     1 |       ||     1
Evoke: Wand              |    21 |     3 ||    24
       Piece from Xom's  |    12 |     4 ||    16
  Use: Scroll            |     4 |     1 ||     5
       Potion            |     7 |     1 ||     8
 Stab: Petrified         |     3 |       ||     3
       Confused          |     1 |       ||     1
       Sleeping          |     2 |     1 ||     3
Armor: Robe              |    17 |     1 ||    18
Dodge: Dodged            |   140 |    13 ||   153
